AoeStats
← chenya_ko

Arabia

509361492Analyzed
1v1 RM · 7d ago on Sep 26, 2026· 50m 5s· 2 players
Game mode
Random Map
Map size
Tiny (2 player)
Population
200
Speed
Normal
Resources
Standard
Victory
Conquest
Starting age
Dark Age
Ending age
Imperial Age
RankedLock teamsTeams togetherTeam positionsShared explorationLock speedFull tech treeHidden civsTurbo modeCheats
Victory
Defeat
🇹🇼 Japanese · Taiwan
1080
+15
🇬🇧 Vikings · United Kingdom
1061
-15
YaDeadSanka
6:48 Loom
9:57 Feudal Age
9:19 Loom
12:29 Double-Bit Axe
12:38 Gold Mining
12:30 Horse Collar
16:53 Town Watch
21:08 Castle Age
20:10 Fletching
21:37 Scale Mail Armor
22:12 Squires
22:31 Forging
25:30 Bodkin Arrow
26:20 Bow Saw
28:42 Chain Mail Armor
29:45 Iron Casting
33:48 Arson
35:47 Heavy Plow
35:54 Heavy Plow
36:34 Gold Shaft Mining
35:56 Stone Mining
41:43 Imperial Age
41:51 Elite Varangian Guard
42:25 Onager
48:41 Capped Ram
49:47 Siege Ram
chenya_ko
1:51 Loom
10:06 Feudal Age
10:14 Man-at-Arms
10:56 Double-Bit Axe
15:25 Fletching
18:48 Wheelbarrow
23:05 Castle Age
20:59 Horse Collar
21:12 Gold Mining
21:28 Scale Mail Armor
21:55 Forging
22:10 Arson
23:07 Long Swordsman
23:32 Gambesons
23:48 Squires
25:23 Iron Casting
25:43 Bow Saw
27:49 Heavy Plow
28:45 Gold Shaft Mining
29:13 Padded Archer Armor
29:15 Stone Mining
33:06 Town Watch
33:37 Hand Cart
37:51 Imperial Age
36:47 Elite Skirmisher
38:02 Two-Handed Swordsman
39:49 Blast Furnace
38:45 Bodkin Arrow
39:09 Chain Mail Armor
39:35 Ballistics
40:41 Two-Man Saw
42:11 Champion
42:52 Heavy Scorpion
43:29 Bodkin Arrow
48:56 Bracer
49:27 Plate Mail Armor
Connection lost

Rejoining the realm…

Still unreachable

The connection could not be restored.

Session expired

The server has moved on; the page needs a fresh start.